 Dungeon Sprint DCSS version 0.31-a0-846-gb3bcc0d938 (webtiles) character file.

Game seed: 15961336896460727756

8472 sircluck the Grappler (level 11, -7/184 HPs)
             Began as a Troll Berserker on Oct 3, 2023.
             Was the Champion of Trog.
             Mangled by a six-headed hydra (15 damage)
             ... in the Dungeon (Sprint III: "The Ten Rune Challenge").
             The game lasted 00:04:22 (1004 turns).

sircluck the Grappler (Troll Berserker)             Turns: 1004, Time: 00:04:22

Health: -7/184     AC:  6    Str: 30    XL:     11   Next: 10%
Magic:  10/10      EV: 15    Int:  2    God:    Trog [******]
Gold:   47         SH:  0    Dex: 13    Spells: 10/10 levels left

rFire   . .          .
                       - Unarmed
rCold   . . .        (no shield)
rNeg    . . .        i - +2 robe {Will+}
rPois   .            (helmet restricted)
rElec   .            (no cloak)
rCorr   .            (gloves unavailable)
SInv    .            (boots unavailable)
Will    +....        (no amulet) Stlth
                     (no ring)
HPRegen 1.30/turn    (no ring)
MPRegen 0.12/turn

%: no teleportation
@: berserking, very quick
A: large, unfitting armour, claws 3, regeneration 1, shaggy fur 1, tough skin 1,
agile 1, noise suppression
a: Renounce Religion, Berserk, Trog's Hand, Brothers in Arms


You were in the Dungeon.
You worshipped Trog.
Trog was exalted by your worship.
You visited 1 branch You collected 47 gold pieces.

Inventory:

Armour
 a - a +0 animal skin
 i - a +2 robe of willpower (worn)
 p - a +1 robe of fire resistance
Wands
 o - a wand of roots (10)
Scrolls
 g - a scroll of blinking
 j - a scroll of poison {unknown}
 k - 2 scrolls of fear {unknown}
 m - a scroll of immolation {unknown}
Potions
 b - a potion of curing
 c - 3 potions of heal wounds
 d - a potion of haste
 e - 2 potions of magic
 f - a potion of berserk rage
 h - a potion of brilliance {unknown}
 l - a potion of cancellation {unknown}
 n - 2 potions of enlightenment


   Skills:
 + Level 12.2 Fighting
 + Level 12.2 Dodging
 + Level 8.3 Stealth
 + Level 14.3 Unarmed Combat


You had 10 spell levels left.
You didn't know any spells.
Your spell library was empty.

Dungeon Overview and Level Annotations

Branches:
Dungeon (1/1)

Altars:
Cheibriados
Dithmenos
Elyvilon
Fedhas
Gozag
Hepliaklqana
Kikubaaqudgha
Makhleb
Nemelex Xobeh
Okawaru
Qazlal
Ru
Sif Muna
Trog
Uskayaw
Vehumet
Wu Jian
Xom
Yredelemnul
Zin
The Shining One
Jiyva
Lugonu


Innate Abilities, Weirdness & Mutations

You are too large for most types of armour.
You have claws for hands.
Your natural rate of healing is unusually fast.
You are covered in fur. (AC +1)
You have tough skin. (AC +1)
You are agile. (Dex +4, Str/Int -1)
You passively dampen the noise of your surroundings.


Message History

The 11-headed hydra bites you!
* * * LOW HITPOINT WARNING * * *
The 11-headed hydra closely misses you. The 11-headed hydra bites you.
* * * LOW HITPOINT WARNING * * *
The 11-headed hydra bites you.
* * * LOW HITPOINT WARNING * * *
The 11-headed hydra bites you.
* * * LOW HITPOINT WARNING * * *
The 11-headed hydra bites you.
* * * LOW HITPOINT WARNING * * *
The 11-headed hydra bites you.
* * * LOW HITPOINT WARNING * * *
The 11-headed hydra barely misses you.
The 11-headed hydra bites you but does no damage. x2
The 11-headed hydra bites you!
* * * LOW HITPOINT WARNING * * *
Your cyclops hits the 11-headed hydra!!
The 11-headed hydra dies!
Trog accepts your kill.
You enter the shallow water.
The four-headed hydra bites you!
* * * LOW HITPOINT WARNING * * *
The four-headed hydra bites you.
* * * LOW HITPOINT WARNING * * *
The four-headed hydra barely misses you.
The four-headed hydra bites you but does no damage.
Things that are here:
the +8 halberd "Toupsuh" {heavy, rElec}; a hydra corpse You rip one of the four-headed hydra's heads off!
The three-headed hydra grows two more!
You mangle the five-headed hydra!!
The five-headed hydra is moderately wounded.
Your cyclops hits the five-headed hydra!
You rip one of the five-headed hydra's heads off!
The four-headed hydra grows two more!
You eviscerate the six-headed hydra!!!
The six-headed hydra is severely wounded.
The six-headed hydra closely misses you.
The six-headed hydra bites you!
* * * LOW HITPOINT WARNING * * *
The six-headed hydra bites you but does no damage.
The six-headed hydra bites you!
You die...

▓▓▓▓▓▓▓▓▓▓▓▓▓▓▓▓▓▓▓▓▓▓▓▓▓▓#.#.#.#
.....♣♣♣♣~~~....)...~~~...##.#.#.
.≈≈≈≈'♣♣'♣≈≈≈≈≈≈≈≈≈≈≈≈♣♣P.'.#.#.#
....†#.~♣♣♣♣♣♣♣♣♣♣♣♣♣♣♣♣PP##.#.#.
♣♣♣♣♣#..♣♣ ♣♣♣# +####
###'♣♣♣♣♣♣♣♣♣♣♣♣♣♣♣
♣♣♣♣.##..##~~~~~≈..#
♣...##.##.#~DC~≈☼..#
♣♣.##†##.##'@~~≈☼#
♣..#.##...#~†.°☼§○§
♣♣.##.##.)#≈..+####
♣♣)##.#####...# ♣.....# ....#
####### #####


You could see a six-headed hydra (ally target) and a friendly cyclops (summoned,
berserk).

Vanquished Creatures
  Josephine (D)
  A centaur warrior (D)
  Urug (D)
  A lindwurm (D)
  A deep elf pyromancer (D)
  2 cane toads (D)
  A rime drake (D)
  A komodo dragon (D)
  A queen bee (D)
  2 tyrant leeches (D)
  3 wandering mushrooms (D)
  A shadow (D)
  3 redbacks (D)
  A spatial vortex (D)
  A swamp drake (D)
  2 centaurs (D)
  An earth elemental (D)
  A necrophage (D)
  A scorpion (D)
  A water elemental (D)
  An electric eel (D)
  A jelly (D)
  Jessica (D)
  A wizard (D)
  A necromancer (D)
  3 humans (D)
  A kobold demonologist (D)
  3 rats (D)
39 creatures vanquished.

Vanquished Creatures (collateral kills)
  A hydra (D)
  32 killer bees (D)
33 creatures vanquished.

Grand Total: 72 creatures vanquished

Notes
Turn   | Place    | Note
-------+----------+-------------------------------------------
     0 | D        | sircluck the Troll Berserker began the quest for the Orb.
     0 | D        | Reached XP level 1. HP: 22/22 MP: 0/0
    12 | D        | Noticed Jessica
    15 | D        | Killed Jessica
    15 | D        | Reached ** piety under Trog
    16 | D        | Reached skill level 4 in Unarmed Combat
    16 | D        | Reached XP level 2. HP: 26/32 MP: 1/1
    49 | D        | Reached XP level 3. HP: 16/39 MP: 2/2
    73 | D        | Noticed a scorpion
    80 | D        | Killed a scorpion
    80 | D        | Reached *** piety under Trog
    81 | D        | Reached skill level 5 in Fighting
    81 | D        | Reached skill level 5 in Dodging
    81 | D        | Reached skill level 6 in Unarmed Combat
    81 | D        | Reached XP level 4. HP: 50/50 MP: 3/3
    96 | D        | Gained mutation: You have large cloven feet. [potion of
                  | mutation]
    97 | D        | Lost mutation: You have large cloven feet. [potion of
                  | mutation]
    97 | D        | Gained mutation: Your movements are slightly less
                  | encumbered by armour. (ER -2) [potion of mutation]
    97 | D        | Gained mutation: You are partially covered in large bone
                  | plates. (SH +4) [potion of mutation]
    98 | D        | Lost mutation: Your movements are slightly less encumbered
                  | by armour. (ER -2) [potion of mutation]
    98 | D        | Lost mutation: You are partially covered in large bone
                  | plates. (SH +4) [potion of mutation]
    98 | D        | Gained mutation: You occasionally lose the ability to drink
                  | potions when taking damage. [potion of mutation]
    98 | D        | Gained mutation: Armour fits poorly on your strangely
                  | shaped body. [potion of mutation]
    98 | D        | Lost mutation: You occasionally lose the ability to drink
                  | potions when taking damage. [potion of mutation]
    98 | D        | Gained mutation: You have a beak for a mouth. [potion of
                  | mutation]
    99 | D        | Lost mutation: You have a beak for a mouth. [potion of
                  | mutation]
    99 | D        | Lost mutation: Armour fits poorly on your strangely shaped
                  | body. [potion of mutation]
    99 | D        | Gained mutation: You are agile. (Dex +4, Str/Int -1)
                  | [potion of mutation]
    99 | D        | Gained mutation: You passively dampen the noise of your
                  | surroundings. [potion of mutation]
   114 | D        | Noticed a water elemental
   120 | D        | Killed a water elemental
   121 | D        | Reached XP level 5. HP: 58/59 MP: 4/4
   165 | D        | Found a radiant altar of Vehumet.
   165 | D        | Found a shimmering blue altar of Sif Muna.
   165 | D        | Found an ancient bone altar of Kikubaaqudgha.
   169 | D        | Reached skill level 7 in Unarmed Combat
   172 | D        | Reached **** piety under Trog
   173 | D        | Reached skill level 1 in Stealth
   183 | D        | Found a glowing silver altar of Zin.
   183 | D        | Found a glowing golden altar of the Shining One.
   183 | D        | Found a white marble altar of Elyvilon.
   191 | D        | Found a basalt altar of Yredelemnul.
   191 | D        | Found a shadowy altar of Dithmenos.
   191 | D        | Found a sacrificial altar of Ru.
   196 | D        | Reached XP level 6. HP: 61/68 MP: 5/5
   218 | D        | Noticed a deep elf pyromancer
   224 | D        | Killed a deep elf pyromancer
   225 | D        | Reached skill level 9 in Unarmed Combat
   225 | D        | Reached XP level 7. HP: 35/79 MP: 6/6
   267 | D        | Found a hide-covered altar of Uskayaw.
   267 | D        | Found an iron altar of Okawaru.
   267 | D        | Found a bloodstained altar of Trog.
   267 | D        | Found an ornate altar of the Wu Jian Council.
   267 | D        | Noticed a human
   267 | D        | Noticed a human
   271 | D        | Killed a human
   271 | D        | Reached ***** piety under Trog
   276 | D        | Killed a human
   316 | D        | Noticed a shadow
   323 | D        | Killed a shadow
   323 | D        | Identified the +7 short sword of Reasonable Anguish {heavy,
                  | Dex+2} (Trog gifted it to you in the Dungeon)
   323 | D        | Received a gift from Trog
   324 | D        | Reached skill level 10 in Unarmed Combat
   324 | D        | Reached XP level 8. HP: 79/89 MP: 7/7
   331 | D        | Found a blossoming altar of Fedhas.
   331 | D        | Found a stormy altar of Qazlal.
   331 | D        | Found a snail-covered altar of Cheibriados.
   331 | D        | Found a burning altar of Makhleb.
   331 | D        | Found a shimmering altar of Xom.
   332 | D        | Found a hazy altar of Hepliaklqana.
   332 | D        | Found an opulent altar of Gozag.
   332 | D        | Found a sparkling altar of Nemelex Xobeh.
   332 | D        | Found a corrupted altar of Lugonu.
   332 | D        | Found a viscous altar of Jiyva.
   355 | D        | Noticed Josephine
   360 | D        | Killed Josephine
   361 | D        | Reached skill level 5 in Stealth
   361 | D        | Reached skill level 11 in Unarmed Combat
   386 | D        | Reached XP level 9. HP: 100/100 MP: 8/8
   392 | D        | Noticed a centaur warrior
   398 | D        | Killed a centaur warrior
   400 | D        | Reached skill level 10 in Fighting
   402 | D        | Reached skill level 10 in Dodging
   445 | D        | Reached skill level 12 in Unarmed Combat
   448 | D        | Reached ****** piety under Trog
   451 | D        | Received a gift from Trog
   460 | D        | Identified the +6 trident "Axkianke" {flame, rPois rF-
                  | rCorr Stlth-} (Trog gifted it to you in the Dungeon)
   460 | D        | Received a gift from Trog
   467 | D        | Received a gift from Trog
   469 | D        | Reached XP level 10. HP: 111/111 MP: 9/9
   606 | D        | Received a gift from Trog
   607 | D        | Reached skill level 13 in Unarmed Combat
   616 | D        | Noticed a cane toad
   616 | D        | Noticed a cane toad
   622 | D        | Killed a cane toad
   629 | D        | Killed a cane toad
   819 | D        | HP: 6/171 [tyrant leech (30)]
   914 | D        | Received a gift from Trog
   918 | D        | Noticed a lindwurm
   924 | D        | Killed a lindwurm
   980 | D        | Reached skill level 14 in Unarmed Combat
   980 | D        | Noticed Urug
   983 | D        | Killed Urug
   984 | D        | Reached XP level 11. HP: 113/123 MP: 10/10
   992 | D        | Noticed an eight-headed hydra
   992 | D        | Noticed a four-headed hydra
   994 | D        | Identified the +8 halberd "Toupsuh" {heavy, rElec} (Trog
                  | gifted it to you in the Dungeon)
   994 | D        | Received a gift from Trog
  1001 | D        | Killed an 11-headed hydra
  1004 | D        | HP: 8/184 [six-headed hydra (9)]
  1004 | D        | Mangled by a six-headed hydra

Illustrated notes

Levels and vault maps discovered:
D:        dungeon_sprint_mu [sprint_mu_entry_forest, sprint_mu_temple_rooms,
          sprint_mu_d1_horrors, sprint_mu_d2_genie, sprint_mu_d3_branching,
          sprint_mu_orc_legion, sprint_mu_elf_gauntlet, sprint_mu_hive_nellie,
          sprint_mu_lair_fedhas, sprint_mu_vaults_butterflies,
          sprint_mu_slime_circle, sprint_mu_swamp_cave, sprint_mu_shoals_archi,
          sprint_mu_blade_basic, sprint_mu_crypt_chambers,
          sprint_mu_tomb_spiral, sprint_mu_vestibule_basic,
          sprint_mu_gehenna_hellfire, sprint_mu_dis_giant,
          sprint_mu_tartarus_statrot, sprint_mu_cocytus_islands, sprint_mu_zot1]

Skill      XL: |  1  2  3  4  5  6  7  8  9 10 |
---------------+-------------------------------+-----
Fighting       | 3 4 5 6 7 8 9 10 12 | 12.2
Dodging        | 3 4 5 6 7 8 9 10 12 | 12.2
Unarmed Combat | 4 6 7 9 10 11 12 14 | 14.3
Stealth        | 1 3 4 5 6 8 |  8.3

Action                     |  1- 3 |  4- 6 |  7- 9 | 10-12 || total
---------------------------+-------+-------+-------+-------++-------
  Melee: Unarmed           |    19 |    21 |    38 |    72 ||   150
         Punch             |     1 |     1 |     2 |     4 ||     8
 Invoke: Berserk           |       |     1 |       |     2 ||     3
         Brothers in Arms  |       |       |     1 |     1 ||     2
    Use: Potion            |       |     4 |       |       ||     4
   Stab: Sleeping          |       |       |     1 |     4 ||     5
 Armour: Animal skin       |    10 |     9 |    10 |       ||    29
         Robe              |       |       |    26 |    62 ||    88
  Dodge: Dodged            |     5 |     4 |    29 |    27 ||    65

Table legend: (Time is in decaauts)
 A = Elapsed time spent in this place.
 B = Non-inter-level travel time spent in this place.
 C = Inter-level travel time spent in this place.
 D = Time resting spent in this place.
 E = Time spent auto-exploring this place.
 F = Levels seen in this place.
 G = Mean time per level.
                   A        B        C        D        E       F      G
               +--------+--------+--------+--------+--------+-----+--------+
         Total |    990 |    980 |     10 |    372 |    280 |   1 |  990.0 |
       Dungeon |    990 |    980 |     10 |    372 |    280 |   1 |  990.0 |
               +--------+--------+--------+--------+--------+-----+--------+

Top non-repeatable levels by time:
       D: 990 daAuts
